 Dungeon Crawl Stone Soup version 0.29.1-2-gbd0b4ee654 (webtiles) character file.

Game seed: 12992405403033487106

1606 lmSkywalker the Cudgeller (level 8, -9/70 HPs)
             Began as a Hill Orc Monk on Nov 28, 2022.
             Was a Believer of Beogh.
             Mangled by Joseph
             ... wielding a +4 quarterstaff
              (11 damage)
             ... on level 8 of the Dungeon on Nov 29, 2022.
             The game lasted 00:38:00 (8997 turns).

lmSkywalker the Cudgeller (Hill Orc Monk)           Turns: 8997, Time: 00:38:01

Health: -9/70      AC:  6    Str: 14    XL:     8   Next: 94%
Magic:  11/11      EV: 12    Int: 12    God:    Beogh [**....]
Gold:   299        SH:  0    Dex: 13    Spells: 7/7 levels left

rFire   . . .      SeeInvis .   w - +6 whip (venom)
rCold   . . .      Faith    .   (no shield)
rNeg    . . .      Spirit   .   b - +1 leather armour {Will+}
rPois   .          Reflect  .   v - +0 helmet
rElec   .          Harm     .   (no cloak)
rCorr   +          Rampage  .   l - +0 pair of gloves
Will    +....                   (no boots)
Stlth   ++........              (no amulet)
HPRegen 0.21/turn               i - ring of resist corrosion
MPRegen 0.12/turn               (no ring)

@: about to teleport
A: no striking features
a: Renounce Religion, Smiting


You were on level 8 of the Dungeon.
You worshipped Beogh.
Beogh was pleased with you.
You visited 1 branch of the dungeon, and saw 8 of its levels.

You collected 299 gold pieces.

Inventory:

Hand Weapons
 e - a +0 war axe
 k - a +2 vorpal falchion
 w - a +6 whip of venom (weapon)
 A - a +0 vampiric whip
Missiles
 n - 11 poisoned darts (quivered)
 s - 6 javelins
Armour
 b - a +1 leather armour of willpower (worn)
 l - a +0 pair of gloves (worn)
 v - a +0 helmet (worn)
Jewellery
 i - a ring of resist corrosion (left hand)
Wands
 x - a wand of flame (21)
 H - a wand of digging (4)
Scrolls
 d - 3 scrolls of amnesia
 f - a scroll of noise {unknown}
 h - a scroll of enchant weapon
 j - a scroll of vulnerability
 o - 3 scrolls of teleportation
 p - a scroll of magic mapping {unknown}
 q - a scroll of fog {unknown}
 r - a scroll of poison {unknown}
 u - a scroll of enchant armour {unknown}
 y - a scroll of torment {unknown}
 C - a scroll of fear {unknown}
Potions
 a - 2 potions of brilliance
 c - a potion of ambrosia
 m - 2 potions of degeneration
 t - 2 potions of flight
 z - a potion of mutation
 B - a potion of resistance
 D - 2 potions of invisibility {unknown}
 E - a potion of lignification {unknown}
 F - a potion of might {unknown}
Miscellaneous
 G - a piece from Xom's chessboard (15/15)


   Skills:
 - Level 5.7 Fighting
 - Level 5.4(8.0) Axes
 * Level 7.6(8.2) Maces & Flails
 - Level 3.8 Armour
 - Level 2.4 Dodging
 - Level 4.2 Stealth
 + Level 4.5 Invocations


You had 7 spell levels left.
You didn't know any spells.
Your spell library contained the following spells:

 Spells                   Type           Power      Damage    Failure   Level
 Sandblast                Erth           0%         2d4       38%         1
 Passwall                 Tmut/Erth      0%         N/A       52%         2
 Scorch                   Fire           0%         2d5       52%         2
 Stone Arrow              Conj/Erth      0%         3d7       77%         3
 Summon Guardian Golem    Hex/Summ       0%         N/A       77%         3
 Flame Wave               Conj/Fire      0%         2d4       99%         4
 Summon Cactus Giant      Summ           0%         N/A       100%        6
 Orb of Destruction       Conj           0%         9d5       100%        7
 Spellforged Servitor     Conj/Summ      0%         N/A       100%        7


Dungeon Overview and Level Annotations

Branches:
Dungeon (8/15)             Temple (0/1) D:6
   Lair: D:8-11

Altars:
Dithmenos
Elyvilon
Fedhas
Hepliaklqana
Kikubaaqudgha
Nemelex Xobeh
Qazlal
Ru
Sif Muna
Trog
Wu Jian
Zin
The Shining One

Annotations:
D:2 exclusion: adder
D:5 exclusion: water moccasin
D:6 Duvessa
D:7 exclusions: hound and killer bee
D:8 exclusions: door, lemure and 1 more exclusion, Joseph, Prince Ribbit


Message History

Joseph shoots a sling bullet.
The sling bullet hits you!
Okay, then.
Okay, then.
Joseph says, "I'm here to kill trespassers.
I like my job."
Joseph unwields a +0 sling.
Joseph wields a +4 quarterstaff.
Joseph hits you with a +4 quarterstaff.
You hit Joseph.
Joseph is lightly wounded.
Joseph completely misses you.
You hit Joseph but do no damage.
Joseph is poisoned.
Joseph is lightly wounded.
You hit Joseph.
Joseph looks as sick as possible!
Joseph is lightly wounded.
Joseph hits you with a +4 quarterstaff!
You hit Joseph.
Joseph is moderately wounded.
Joseph hits you with a +4 quarterstaff!
You hit Joseph.
Joseph looks as sick as possible!
Joseph is moderately wounded.
You closely miss Joseph.
Joseph is heavily wounded.
Joseph says, "I've waited for this moment for such a long time."
Joseph closely misses you.
You hit Joseph.
Joseph is heavily wounded.
Joseph hits you with a +4 quarterstaff!!
* * * LOW HITPOINT WARNING * * *
You feel better. Joseph hits you with a +4 quarterstaff!
* * * LOW HITPOINT WARNING * * *
You feel better. Joseph hits you with a +4 quarterstaff!
* * * LOW HITPOINT WARNING * * *
You feel better. Joseph hits you with a +4 quarterstaff!
* * * LOW HITPOINT WARNING * * *
Okay, then.
As you read the scroll of teleportation, it crumbles to dust.
You feel strangely unstable. Joseph closely misses you.
You closely miss Joseph.
Joseph is heavily wounded.
Joseph hits you with a +4 quarterstaff!
You die...

##
#...###......#
#.......######
##.####### ###
#.# #.. ..#
#.# #.# #.#
#.#
##.#####$##
#.# #..... ...
#.###..# #@#
#......#####@#
######.......#
#########


You could see Joseph (very poisoned).

Vanquished Creatures
  Grinder (D:4)
  A water moccasin (D:7)
  An orc warrior (D:6)
  2 sky beasts
  A black bear (D:7)
  An ogre (D:6)
  A centaur (D:6)
  A phantom (D:5)
  A kobold brigand (D:7)
  A bullfrog (D:7)
  A necrophage (D:5)
  A scorpion (D:4)
  2 hounds
  2 orc priests
  A jelly (D:5)
  2 iguanas
  4 orc wizards (D:7)
  Robin (D:3)
  A shadow imp (D:7)
  A worm (D:3)
  2 dart slugs
  15 orcs
  2 bats
  5 endoplasms
  3 giant cockroaches
  9 hobgoblins
  2 jackals (D:3)
  10 kobolds
  3 quokkas
  6 ball pythons
  2 frilled lizards
  14 goblins
  4 rats
104 creatures vanquished.

Vanquished Creatures (others)
  A phantom (D:6)
  An orc wizard (D:6)
  3 orcs (D:6)
  8 fungi (D:8)
  9 plants (D:8)
22 creatures vanquished.

Grand Total: 126 creatures vanquished

Notes
Turn   | Place    | Note
-------+----------+-------------------------------------------
     0 | D:1      | lmSkywalker the Hill Orc Monk began the quest for the Orb.
     0 | D:1      | Reached XP level 1. HP: 19/19 MP: 1/1
   439 | D:1      | Reached XP level 2. HP: 19/26 MP: 2/2
  1314 | D:2      | You fall into a shaft and drop 2 floors!
  1677 | D:3      | Reached XP level 3. HP: 31/31 MP: 3/3
  1685 | D:3      | Noticed Robin
  1764 | D:4      | Reached skill level 5 in Axes
  2056 | D:4      | Found a stormy altar of Qazlal.
  2058 | D:4      | Found a shimmering blue altar of Sif Muna.
  2059 | D:4      | Found a blossoming altar of Fedhas.
  2059 | D:4      | Found a hazy altar of Hepliaklqana.
  2060 | D:4      | Found a glowing golden altar of the Shining One.
  2060 | D:4      | Found a shadowy altar of Dithmenos.
  2061 | D:4      | Found a sparkling altar of Nemelex Xobeh.
  2098 | D:4      | Found an ancient bone altar of Kikubaaqudgha.
  2319 | D:3      | Found a sacrificial altar of Ru.
  2330 | D:3      | Found an ornate altar of the Wu Jian Council.
  2505 | D:3      | Found a white marble altar of Elyvilon.
  2847 | D:3      | Reached XP level 4. HP: 38/39 MP: 4/4
  3174 | D:2      | Found a glowing silver altar of Zin.
  3262 | D:2      | Found a faded altar of an unknown god.
  3999 | D:3      | Killed Robin
  4450 | D:4      | Noticed Grinder
  4485 | D:4      | Paralysed by Grinder for 2 turns
  4488 | D:4      | Killed Grinder
  4489 | D:4      | Reached skill level 3 in Maces & Flails
  4489 | D:4      | Reached XP level 5. HP: 27/45 MP: 5/5
  4489 | D:4      | Reached XP level 6. HP: 31/51 MP: 6/6
  4721 | D:4      | Found a bloodstained altar of Trog.
  4886 | D:4      | Reached skill level 1 in Armour
  5118 | D:5      | Entered Level 5 of the Dungeon
  5132 | D:5      | Reached skill level 4 in Maces & Flails
  5185 | D:5      | Reached XP level 7. HP: 57/59 MP: 7/7
  5916 | D:6      | Found a staircase to the Ecumenical Temple.
  5923 | D:6      | Became a worshipper of Beogh the Brigand
  5923 | D:6      | Reached * piety under Beogh
  5923 | D:6      | Reached ** piety under Beogh
  5937 | D:6      | Reached skill level 5 in Maces & Flails
  6182 | D:6      | Reached skill level 1 in Invocations
  6186 | D:6      | Reached skill level 5 in Fighting
  6589 | D:6      | Noticed Duvessa
  6624 | D:6      | Reached XP level 8. HP: 68/68 MP: 9/9
  7059 | D:7      | Reached skill level 6 in Maces & Flails
  8253 | D:7      | Reached skill level 7 in Maces & Flails
  8854 | D:8      | Noticed Prince Ribbit
  8984 | D:8      | Noticed Joseph
  8994 | D:8      | HP: 2/70 [Joseph/+4 quarterstaff (7)]
  8997 | D:8      | Mangled by Joseph

Illustrated notes

Levels and vault maps discovered:
D:1:      minmay_arrival_wavy_path, layout_basic, serial_rivers,
          chequers_serial_rivers_large_a, chequers_serial_rivers_small_3,
          chequers_serial_rivers_room_a, chequers_serial_rivers_small_3,
          chequers_serial_rivers_micro_a, item_on_display_a
D:2:      layout_loops_corners, basic_altar,
          shapermc_ecumenical_altar_mp_highgroup, minmay_misc_feat_ornament
D:3:      layout_basic, nicolae_ru_awakened_eye,
          mainiacjoe_overflow_catch_the_wave, uniq_robin
D:4:      layout_loops_ring, mainiacjoe_overflow_alcove_2,
          grunt_temple_overflow_open, lightli_temple_of_fire, uniq_grinder
D:5:      layout_basic
D:6:      layout_basic, minmay_temple_entry_arrows, lemuel_flamethrower_1,
          uniq_duvessa
D:7:      layout_rooms, hellmonk_bongcloud_opening, minmay_misc_feat_tiny
D:8:      layout_loops_cross, grunt_lair_entry_orc_guard_hut,
          minmay_fractal_squares_gapless_5, uniq_pikel, uniq_maggie,
          uniq_prince_ribbit1, uniq_joseph

Skill      XL: |  1  2  3  4  5  6  7  8 |
---------------+-------------------------+-----
Stealth        | 2 4 |  4.2
Axes           | 5 |  5.4
Maces & Flails | 3 4 5 7 |  7.6
Armour         | 1 3 |  3.8
Fighting       | 4 5 |  5.7
Invocations    | 2 4 |  4.5
Dodging        | |  2.4

Action                   |  1- 3 |  4- 6 |  7- 9 || total
-------------------------+-------+-------+-------++-------
Melee: Hand axe          |   133 |    15 |       ||   148
       Punch             |     1 |       |     1 ||     2
       Whip              |       |    46 |   143 ||   189
       Spear             |       |    23 |       ||    23
Throw: Dart              |       |     7 |    28 ||    35
       Javelin           |       |     3 |       ||     3
Invok: Convert to Beogh  |       |       |     1 ||     1
  Use: Potion            |       |     3 |     5 ||     8
       Scroll            |       |     2 |     8 ||    10
 Stab: Sleeping          |     4 |     4 |     2 ||    10
       Distracted        |       |     1 |       ||     1
Armor: Robe              |     6 |       |       ||     6
       Leather armour    |    21 |    12 |    32 ||    65
Dodge: Dodged            |    76 |    35 |    71 ||   182
